 Dungeon Crawl Stone Soup version 0.31-a0-986-g5e6e4ef867 (webtiles) character file.

Game seed: 12643472447143662824

3000 Fodor the Cleaver (level 9, -3/79 HPs)
             Began as a Minotaur Fighter on Nov 3, 2023.
             Was an Initiate of Gozag.
             Slain by a boulder beetle (6 damage)
             ... on level 7 of the Dungeon.
             The game lasted 00:28:10 (5963 turns).

Fodor the Cleaver (Minotaur Fighter)                Turns: 5963, Time: 00:28:10

Health: -3/79      AC: 12    Str: 31    XL:     9   Next: 54%
Magic:  8/8        EV: 10    Int:  5    God:    Gozag
Gold:   823        SH:  5    Dex: 10    Spells: 8/8 levels left

rFire   . . .        A - +1 war axe (freeze)
rCold   . . .        c - +0 buckler
rNeg    . . .        u - +0 chain mail
rPois   .            (helmet restricted)
rElec   .            r - scarf {harm}
rCorr   .            n - +0 pair of gloves
SInv    .            (no boots)
Will    .....        (no amulet) Stlth
                     j - +6 ring of strength
HPRegen 0.33/turn    (no ring)
MPRegen 0.11/turn

%: harm (+30% outgoing, +20% incoming)
@: mighty, weakened
A: horns 2, retaliatory headbutt
a: Renounce Religion, Potion Petition, Call Merchant, Bribe Branch


You were on level 7 of the Dungeon.
You worshipped Gozag.
Gozag was pleased with you.
You visited 2 branches of the dungeon, and saw 8 of its levels.
You also visited: Ossuary.

You collected 884 gold pieces.
You paid 61 gold pieces to Gozag.

Inventory:

Hand Weapons
 A - a +1 war axe of freezing (weapon)
Missiles
 l - 11 poisoned darts (quivered)
Armour
 c - a +0 buckler (worn)
 n - a +0 pair of gloves (worn)
 r - a scarf of harm (worn)
 u - a +0 chain mail (worn)
Jewellery
 j - a +6 ring of strength (left hand)
Talismans
 B - a talisman of death
Wands
 s - a wand of mindburst (14)
 z - a wand of polymorph (8)
Scrolls
 a - a scroll of enchant armour {unknown}
 f - 5 scrolls of identify {unknown}
 i - a scroll of amnesia {unknown}
 o - 2 scrolls of teleportation {unknown}
 p - a scroll of vulnerability {unknown}
 t - a scroll of enchant weapon {unknown}
 w - 2 scrolls of fog {unknown}
 y - 3 scrolls of fear {unknown}
Potions
 b - a potion of attraction {unknown}
 e - 2 potions of haste {unknown}
 g - 3 potions of curing {unknown}
 h - a potion of berserk rage {unknown}
 k - 3 potions of degeneration {unknown}
 m - a potion of brilliance {unknown}
 q - 2 potions of mutation {unknown}
 v - 3 potions of heal wounds {unknown}
 x - 4 potions of magic
 C - 2 potions of invisibility {unknown}


   Skills:
 + Level 7.3 Fighting
 + Level 11.5 Axes
 + Level 7.9 Armour
 + Level 2.5 Dodging
 + Level 1.8 Stealth
 + Level 5.7 Shields


You had 8 spell levels left.
You didn't know any spells.
Your spell library contained the following spells:

 Spells                   Type           Power      Damage    Failure   Level
 Blink                    Tloc           0%         N/A       97%         2
 Ensorcelled Hibernation  Hex/Ice        0%         N/A       97%         2
 Lesser Beckoning         Tloc           0%         N/A       97%         2
 Momentum Strike          Conj/Tloc      0%         3d8       97%         2
 Passwall                 Tmut/Erth      0%         N/A       97%         2
 Gell's Gravitas          Tloc           0%         N/A       99%         3
 Swiftness                Air            0%         N/A       99%         3
 Teleport Other           Tloc           0%         N/A       99%         3
 Manifold Assault         Tloc           0%         N/A       100%        4
 Dispersal                Tloc           0%         N/A       100%        6


Dungeon Overview and Level Annotations

Branches:
Dungeon (7/15)             Temple (1/1) D:4         Ossuary (visited)

Altars:
Cheibriados
Dithmenos
Elyvilon
Gozag
Hepliaklqana
Kikubaaqudgha
Nemelex Xobeh
Okawaru
Qazlal
Ru
Sif Muna
Trog
Uskayaw
Vehumet
Wu Jian
Xom
Yredelemnul
Zin
The Shining One

Shops:
D:4 (


Innate Abilities, Weirdness & Mutations

You have a pair of horns on your head.
You reflexively headbutt those who attack you in melee.


Message History

The boulder beetle stops rolling and uncurls.
The boulder beetle waves its antennae.
The boulder beetle curls into a ball and begins rolling!
The boulder beetle hits you!!!
Ouch! That really hurt!
* * * LOW HITPOINT WARNING * * *
The boulder beetle stops rolling and uncurls.
You hit the boulder beetle but do no damage.
The boulder beetle is moderately wounded.
The boulder beetle barely misses you. You furiously retaliate!
You headbutt the boulder beetle!
You hit the boulder beetle but do no damage.
You headbutt the boulder beetle, but do no damage.
The boulder beetle is heavily wounded.
The boulder beetle barely misses you.
You hit the boulder beetle but do no damage.
The boulder beetle is moderately wounded.
The orc wizard mumbles some strange words.
The orc wizard flickers and vanishes!
Deactivating autopickup; reactivate with Ctrl-A.
A gnoll bouda comes into view. It is wielding a +0 whip.
You block the boulder beetle's attack.
It was a potion of magic.
Magic courses through your body.
The boulder beetle bites you but does no damage.
You feel very mighty all of a sudden.
The gnoll bouda gazes fiercely through you!
You feel your attacks grow feeble. The boulder beetle bites you!
* * * LOW HITPOINT WARNING * * *
You hit the boulder beetle. You freeze the boulder beetle.
Your headbutt misses the boulder beetle.
The boulder beetle is heavily wounded.
The boulder beetle bites you!
* * * LOW HITPOINT WARNING * * *
You hit the boulder beetle but do no damage.
You headbutt the boulder beetle, but do no damage.
The boulder beetle is heavily wounded.
The boulder beetle bites you.
You die...
Your body crumbles into a pile of gold.

..# #.# #.#
#.# #.# #.#
##.## #.#
##...#
#######.#
##....#
#.......#
#..$#.#
#[#######
##..#z####.#
##.g{OB@..#
##.y######
#..# #..#
..## z#.#
..#.# .. #.#
..# ..#


You could see a boulder beetle, a two-headed ogre, a vampire mosquito, a gnoll
bouda and a wight.

Vanquished Creatures
  Pikel (D:4)
  Jeremiah (D:6)
  The ghost of justen the Changeling, an amateur DgSh (D:4)
  A steam dragon (D:5)
  An orc warrior (D:6)
  A sky beast (D:6)
  A black bear (D:6)
  3 ogres
  A centaur (D:6)
  A lemure (D:4)
  5 scorpions
  2 howler monkeys (D:4)
  4 centaur zombies (Ossuary)
  A gnoll bouda (D:5)
  4 orc priests
  7 hounds
  3 sleepcaps
  Terence (D:2)
  2 iguanas
  An orc wizard (D:6)
  5 mummies (Ossuary)
  8 adders
  7 gnolls (D:5)
  2 white imps
  An ufetubus (D:6)
  An adder zombie (D:3)
  3 worms
  3 dart slugs
  16 orcs
  7 endoplasms
  5 giant cockroaches
  7 goblins
  9 hobgoblins
  9 kobolds
  4 quokkas
  4 ball pythons
  4 bats
  A frilled lizard (D:1)
  4 hobgoblin zombies (Ossuary)
  A quokka zombie (D:3)
  5 rats
148 creatures vanquished.

Notes
Turn   | Place    | Note
-------+----------+-------------------------------------------
     0 | D:1      | Fodor the Minotaur Fighter began the quest for the Orb.
     0 | D:1      | Reached XP level 1. HP: 19/19 MP: 0/0
   112 | D:1      | Reached XP level 2. HP: 22/27 MP: 1/1
   660 | D:2      | Noticed Terence
   668 | D:2      | Killed Terence
   669 | D:2      | Reached skill level 3 in Axes
   669 | D:2      | Reached XP level 3. HP: 33/33 MP: 2/2
   824 | D:2      | Found a faded altar of an unknown god.
  1036 | D:2      | Reached XP level 4. HP: 41/41 MP: 3/3
  1193 | D:3      | Found an ancient bone altar of Kikubaaqudgha.
  1363 | D:3      | Reached skill level 4 in Axes
  1604 | D:3      | Found a basalt altar of Yredelemnul.
  1696 | D:3      | Reached XP level 5. HP: 47/47 MP: 4/4
  1857 | D:3      | Found a white marble altar of Elyvilon.
  2004 | D:4      | Reached skill level 5 in Axes
  2004 | D:4      | Reached skill level 5 in Armour
  2019 | D:4      | Noticed justen's ghost (amateur DgSh)
  2020 | D:4      | Found a transporter.
  2022 | D:4      | Found a staircase to the Ecumenical Temple.
  2045 | Temple   | Entered the Ecumenical Temple
  2074 | Temple   | Became a worshipper of Gozag Ym Sagoz the Greedy
  2221 | D:4      | Noticed an ogre
  2228 | D:4      | Killed an ogre
  2229 | D:4      | Reached XP level 6. HP: 4/53 MP: 5/5
  2583 | D:4      | Reached skill level 6 in Axes
  2583 | D:4      | Reached skill level 1 in Dodging
  2676 | D:4      | Found Hoplel's Antique Weapon Boutique.
  2697 | D:4      | Found a snail-covered altar of Cheibriados.
  2698 | D:4      | Found a sacrificial altar of Ru.
  2749 | D:4      | Noticed Pikel
  2764 | D:4      | Killed Pikel
  2765 | D:4      | Reached skill level 5 in Fighting
  2765 | D:4      | Reached skill level 7 in Axes
  2765 | D:4      | Reached skill level 1 in Stealth
  2765 | D:4      | Reached XP level 7. HP: 7/62 MP: 6/6
  3330 | D:4      | Found a transporter.
  3396 | D:4      | Killed justen's ghost
  3397 | D:4      | Reached skill level 8 in Axes
  3397 | D:4      | Reached XP level 8. HP: 62/70 MP: 7/7
  3487 | D:5      | Entered Level 5 of the Dungeon
  3583 | D:5      | Found a sand-covered staircase.
  3588 | Ossuary  | Entered an ossuary
  3766 | D:5      | Reached skill level 9 in Axes
  3766 | D:5      | Reached skill level 5 in Shields
  4028 | D:5      | Reached skill level 10 in Axes
  4353 | D:5      | Reached XP level 9. HP: 78/78 MP: 8/8
  4396 | D:5      | Found a glowing golden altar of the Shining One.
  4653 | D:6      | Reached skill level 11 in Axes
  4863 | D:6      | Found a sparkling altar of Nemelex Xobeh.
  4863 | D:6      | Noticed Jeremiah
  4894 | D:6      | Killed Jeremiah
  5455 | D:6      | Found a bloodstained altar of Trog.
  5947 | D:7      | Noticed a boulder beetle
  5950 | D:7      | Noticed a two-headed ogre
  5962 | D:7      | HP: 2/79 [boulder beetle (13)]
  5963 | D:7      | Slain by a boulder beetle

Illustrated notes

Levels and vault maps discovered:
D:1:      dpeg_arrival_orchard, layout_basic
D:2:      layout_rooms, shapermc_ecumenical_altar_mp_urbaneastern, uniq_terence
D:3:      layout_loops_cross, mainiacjoe_overflow_large_starburst,
          lemuel_zombie_altar_yredelemnul, roderic_lattice_a
D:4:      layout_loops_cross, nicolae_overflow_squiral, temple_statues,
          gammafunk_ghost_arena, serial_shops, nicolae_shop_trees,
          minmay_misc_feat_x, corexii_checkpoint, uniq_pikel
D:5:      layout_basic, mainiacjoe_overflow_six_doors_small,
          nicolae_ossuary_entry_false_entrances
D:6:      layout_basic, nemelex_xobeh_ov_fountains_minmay,
          nicolae_overflow_hidden_temple, serial_bayou_pond_b, uniq_jeremiah
D:7:      minmay_the_grid_octo_2x2 [minmay_the_grid_octo_toaster,
          minmay_the_grid_octo_fan_narrow, minmay_the_grid_octo_chip,
          minmay_the_grid_octo_prize_star], layout_loops_corners, serial_shops,
          kennysheep_mini
Temple:   chequers_temple_sunken

Skill      XL: |  1  2  3  4  5  6  7  8  9 |
---------------+----------------------------+-----
Fighting       | 4 5 6 7 |  7.3
Armour         | 4 5 6 7 |  7.9
Axes           | 3 4 5 7 8 10 11 | 11.5
Shields        | 4 5 |  5.7
Dodging        | 1 2 |  2.5
Stealth        | 1 |  1.8

Action                     |  1- 3 |  4- 6 |  7- 9 || total
---------------------------+-------+-------+-------++-------
  Melee: War axe           |    68 |    65 |   157 ||   290
         Headbutt          |     7 |    14 |    29 ||    50
    Use: Potion            |       |       |     2 ||     2
   Stab: Distracted        |       |       |     1 ||     1
 Armour: Scale mail        |    60 |    49 |       ||   109
         Chain mail        |       |       |   130 ||   130
  Dodge: Dodged            |    42 |    42 |    53 ||   137
  Block: Buckler           |    10 |    12 |    32 ||    54

Table legend: (Time is in decaauts)
 A = Elapsed time spent in this place.
 B = Non-inter-level travel time spent in this place.
 C = Inter-level travel time spent in this place.
 D = Time resting spent in this place.
 E = Time spent auto-exploring this place.
 F = Levels seen in this place.
 G = Mean time per level.
                   A        B        C        D        E       F      G
               +--------+--------+--------+--------+--------+-----+--------+
         Total |   6022 |   5858 |    164 |   1165 |      0 |   9 |  669.1 |
       Dungeon |   5838 |   5674 |    164 |   1165 |      0 |   7 |  834.0 |
        Temple |     63 |     63 |      0 |      0 |      0 |   1 |   63.0 |
       Ossuary |    120 |    120 |      0 |      0 |      0 |   1 |  120.0 |
               +--------+--------+--------+--------+--------+-----+--------+

Top non-repeatable levels by time:
     D:4: 1458 daAuts
     D:6: 1276 daAuts
     D:5: 1025 daAuts
     D:3: 874 daAuts
     D:1: 668 daAuts
     D:2: 478 daAuts
 Ossuary: 120 daAuts
  Temple: 63 daAuts
     D:7: 57 daAuts
